 Dungeon Crawl Stone Soup version 0.31-a0-259-g771a54ca4b (webtiles) character file.

Game seed: 7372104251072687447

21 qw the Shooter (level 2, -2/17 HPs)
             Began as a Gargoyle Hexslinger on July 13, 2023.
             Slain by an adder (3 damage)
             ... on level 1 of the Dungeon.
             The game lasted 00:00:14 (704 turns).

qw the Shooter (Gargoyle Hexslinger)                 Turns: 704, Time: 00:00:14

Health: -2/17      AC:  4    Str: 11    XL:     2   Next: 83%
Magic:  3/3        EV: 12    Int: 13    God:
Gold:   40         SH:  0    Dex: 12    Spells: 2/3 levels left

rFire   . . .        Y - +2 sling
rCold   . . .        (no shield)
rNeg    + . .        c - +0 robe
rPois   inf          (no helmet)
rElec   +            (no cloak)
rCorr   .            (no gloves)
SInv    .            (no boots)
Will    .....        (no amulet)
Stlth   +            (no ring)
HPRegen 0.22/turn    (no ring)
MPRegen 0.08/turn

%: no passive effects
@: no status effects
A: sickness immunity, AC +2, negative energy resistance 1, electricity
resistance, torment resistance 1, petrification resistance
a: no special abilities


You were on level 1 of the Dungeon.
You visited 1 branch of the dungeon, and saw 2 of its levels.

You collected 40 gold pieces.


Innate Abilities, Weirdness & Mutations

You are immune to sickness and miasma.
Your stone body is resilient. (AC +2)
You are immune to poison.
You resist negative energy. (rN+)
You are resistant to electric shocks. (rElec)
You are resistant to unholy torment.
You are immune to petrification.


   Skills:
 + Level 1.7 Fighting
 - Level 3.0 Ranged Weapons
 - Level 1.5 Dodging
 - Level 1.0 Spellcasting
 - Level 2.6 Hexes


You had 2 spell levels left.
You knew the following spells:

 Your Spells              Type           Power      Damage    Failure   Level
a - Slow                  Hex            28%        N/A       10%         1

Your spell library contained the following spells:

 Spells                   Type           Power      Damage    Failure   Level
 Inner Flame              Hex/Fire       4%         N/A       43%         3
 Portal Projectile        Hex/Tloc       8%         N/A       43%         3
 Cause Fear               Hex            3%         N/A       67%         4

Inventory:

Hand Weapons
 Y - a +2 sling (weapon)
Armour
 c - a +0 robe (worn)
Potions
 f - a potion of degeneration {unknown}
 g - a potion of curing {unknown}

Dungeon Overview and Level Annotations

Branches:
Dungeon (2/15)

Altars:


Message History

The adder closely misses you. The endoplasm closely misses you.
The adder closely misses you.
You shoot a sling bullet. The sling bullet misses the adder.
The endoplasm hits you. The adder bites you but does no damage.
697 ||| STAIRDANCE The adder barely misses you.
The endoplasm hits you. The adder closely misses you.
You climb upwards.
There is a stone staircase leading down here.
Enter note:
Enter note:
Enter note:
Enter note: You shoot a sling bullet.
The sling bullet hits the adder.
The adder is heavily wounded.
The endoplasm closely misses you. The adder misses you.
The endoplasm hits you but does no damage.
You shoot a sling bullet.
The sling bullet closely misses the adder.
The adder bites you. The endoplasm closely misses you.
The adder bites you but does no damage.
You shoot a sling bullet. The sling bullet misses the adder.
The adder bites you but does no damage. The endoplasm freezes you.
You are frozen.
You shoot a sling bullet.
The sling bullet closely misses the adder.
The adder bites you but does no damage.
The endoplasm hits you but does no damage.
The adder closely misses you.
You shoot a sling bullet.
The sling bullet barely misses the adder.
The endoplasm freezes you.
You are frozen.
The adder barely misses you. The endoplasm freezes you.
You are frozen.
The adder bites you but does no damage.
You shoot a sling bullet.
The sling bullet closely misses the adder.
The adder bites you.
You die...

###############
#...SJ........########
#.###@................
#.# #.#######.########
#.# #.# #.# #.# #.#
#.# #.# #.### #.####
#.# #...#####....#####
#.# #.........##.....#
#.# ###.#...#.######..
#.#####...#.#.# ##.


You could see an adder and an endoplasm.

Vanquished Creatures
  2 endoplasms (D:1)
  A goblin (D:1)
  2 hobgoblins (D:1)
  2 jackals (D:1)
  A quokka (D:2)
  2 frilled lizards (D:1)
  5 kobolds (D:1)
  5 rats (D:1)
20 creatures vanquished.

Notes
Turn   | Place    | Note
-------+----------+-------------------------------------------
     0 | D:1      | qw the Gargoyle Hexslinger began the quest for the Orb.
     0 | D:1      | Reached XP level 1. HP: 12/12 MP: 2/2
     0 | D:1      | 0 ||| qw: Version: 0.3-a-52-g30416fa
     0 | D:1      | 0 ||| qw: Game counter: 6946
     0 | D:1      | 0 ||| qw: Melee chars always use a shield: true
     0 | D:1      | 0 ||| qw: God list: Okawaru
     0 | D:1      | 0 ||| qw: Allow faded altars: false
     0 | D:1      | 0 ||| qw: Do Orc after clearing Dungeon:15 true
     0 | D:1      | 0 ||| qw: Do second Lair branch before Depths: true
     0 | D:1      | 0 ||| qw: Lair rune preference: random
     0 | D:1      | 0 ||| qw: Goals: Normal
     0 | D:1      | 0 ||| PLANNING D:1-11
   116 | D:1      | Reached XP level 2. HP: 16/16 MP: 3/3
   229 | D:1      | Reached skill level 3 in Ranged Weapons
   471 | D:1      | 471 ||| FLEEEEING.
   472 | D:1      | 472 ||| FLEEEEING.
   473 | D:1      | 473 ||| FLEEEEING.
   474 | D:1      | 474 ||| FLEEEEING.
   476 | D:1      | 476 ||| FLEEEEING.
   668 | D:1      | 668 ||| READING scroll labelled DEPUURE HAEXA.
   669 | D:1      | 669 ||| READING scroll labelled POKHARRYNG.
   670 | D:1      | 670 ||| DROPPING scroll of poison.
   697 | D:2      | 697 ||| STAIRDANCE
   703 | D:1      | HP: 2/17 [frozen (4)]
   704 | D:1      | Slain by an adder

Levels and vault maps discovered:
D:1:      tarquinn_simple_flora_water_d, layout_basic,
          hangedman_decor_clover_reticule
D:2:      layout_loops_ring, serial_shops, shop_fountains, supply_closet_lemuel

Skill      XL: |  1  2 |
---------------+-------+-----
Ranged Weapons | 3 |  3.0
Fighting       | |  1.7
Dodging        | |  1.5
Spellcasting   | |  1.0
Hexes          | |  2.6

Action                     || total
---------------------------++-------
   Fire: Sling             ||    53
    Use: Scroll            ||     2
 Armour: Robe              ||    15
  Dodge: Dodged            ||    18

Table legend:
 A = Non-vault XP
 B = Vault XP
 C = Vault XP percentage of total XP
 D = Non-vault monster count
 E = Vault monster count
 F = Vault count percentage of total count
                 A         B        C        D         E       F
            +---------+---------+-------+---------+---------+-------
      Total |      30 |       0 |   0.0 |      20 |       0 |   0.0
            +---------+---------+-------+---------+---------+-------
        D:1 |      28 |       0 |   0.0 |      19 |       0 |   0.0
        D:2 |       2 |       0 |   0.0 |       1 |       0 |   0.0
            +---------+---------+-------+---------+---------+-------
